 Dungeon Crawl Stone Soup version 0.24.0-125-gc4c63601f3 (webtiles) character file.

Game seed: 7704311181452283859, levelgen mode: deterministic

676 Martska the Skirmisher (level 7, -2/56 HPs)
             Began as a Demonspawn Fighter on Feb 23, 2020.
             Slain by an adder (5 damage)
             ... on level 5 of the Dungeon.
             The game lasted 00:13:06 (5933 turns).

Martska the Skirmisher (Demonspawn Fighter)         Turns: 5933, Time: 00:13:07

Health: -2/56      AC: -1    Str: 18    XL:     7   Next: 33%
Magic:  9/9        EV: 10    Int:  7    God:
Gold:   251        SH:  9    Dex: 13    Spells: 9/9 levels left

rFire    . . .     SeeInvis .     - Unarmed
rCold    . . .     Gourm    .   b - +0 shield
rNeg     . . .     Faith    .   a - +0 scale mail
rPois    .         Spirit   .   (no helmet)
rElec    +         Reflect  .   (no cloak)
rCorr    .         Harm     .   (no gloves)
MR       +....                  p - +0 pair of boots
Stlth    +.........             (no amulet)
HPRegen  0.18/turn              q - +3 ring of evasion
MPRegen  0.11/turn              (no ring)

@: lethally poisoned (-2 -> -6), corroded
A: claws 2, slimy green scales 1, dopey 1, magic resistance 1, nightstalker 1,
electricity resistance, wild magic 1
a: no special abilities


You were on level 5 of the Dungeon.
You were not hungry.

You visited 1 branch of the dungeon, and saw 5 of its levels.

You collected 251 gold pieces.

Inventory:

Missiles
 m - 314 stones (quivered)
Armour
 a - a +0 scale mail (worn)
 b - a +0 shield (worn)
 p - a +0 pair of boots (worn)
Jewellery
 q - a +3 ring of evasion (left claw)
Wands
 n - a wand of digging (6)
Scrolls
 f - 4 scrolls of enchant weapon
 g - 2 scrolls of remove curse
 h - 2 scrolls of amnesia
 o - 2 scrolls of teleportation {unknown}
Potions
 c - a potion of might
 d - a potion of degeneration {unknown}
 e - a potion of lignification {unknown}
 j - 2 potions of mutation
 k - a potion of agility {unknown}
 l - 2 potions of flight {unknown}
 r - a potion of ambrosia {unknown}
Comestibles
 i - 2 rations


   Skills:
 * Level 5.1 Fighting
 + Level 3.6 Armour
 + Level 1.6 Stealth
 + Level 3.7 Shields
 * Level 4.0 Unarmed Combat
 + Level 1.9 Spellcasting
 + Level 1.8 Evocations


You had 9 spell levels left.
You didn't know any spells.
Your spell library was empty.

Dungeon Overview and Level Annotations

Branches:
Dungeon (5/15)
 Temple: D:4-7

Altars:
Dithmenos
Elyvilon
Wu Jian
Zin

Annotations:
D:5 2 transporters


Innate Abilities, Weirdness & Mutations

You have very sharp fingernails.
You are partially covered in slimy green scales. (AC +2)
You are slightly more attuned to the shadows.
You are dopey. (Int -2)
You are resistant to hostile enchantments. (MR+)
You are resistant to electric shocks. (rElec)
Your spells are a little harder to cast, but a little more powerful.


Message History

You block the adder's attack.
You closely miss the adder. The adder barely misses you.
The shadow imp laughs crazily.
You scratch the adder but do no damage.
You feel sick. You block the adder's attack.
You completely miss the adder. The adder bites you.
* * * LOW HITPOINT WARNING * * *
You scratch the adder.
The adder is lightly wounded.
You block the adder's attack. The adder bites you.
* * * LOW HITPOINT WARNING * * *
You are lethally poisoned!
The adder poisons you!
It was a potion of mutation.
You feel extremely strange.
You feel stupid.
You feel less in control of your magic.
You feel resistant to hostile enchantments.
You feel insulated.
* * * LOW HITPOINT WARNING * * *
You feel sick. The adder bites you.
You die...

#.#8P#.....5o#≈8#.#.#
##..
#.#P.#≈≈≈≈≈≈≈#.P#.#.#
#..
#..#..#..≈≈≈..#.$#...#
##.
#..©#©/+..≈♣≈..+$©#©..#
#.
#...#..#..≈P≈..#.$#..##
## .#P.#≈≈≈≈≈≈≈#.P#.##
# .#8P#....55o#≈8#.# #
.###############.#
.........JJS@....#
..........########
...........#
............#
............#
.............#
.............#
........?...##
....>.......#


You could see 2 jellies, an orc priest, an adder and 2 shadow imps.

Vanquished Creatures
  3 big kobolds (D:3)
  A scorpion (D:5)
  A crimson imp (D:5)
  A hound (D:5)
  2 orc wizards
  A worker ant (D:5)
  Robin (D:4)
  7 gnolls
  An adder (D:3)
  A shadow imp (D:5)
  An ooze (D:3)
  2 worms
  4 dart slugs
  3 leopard geckos
  5 orcs
  46 goblins
  32 hobgoblins
  A quokka (D:2)
  A ball python (D:3)
  9 bats
  5 frilled lizards
  12 kobolds
  A quokka skeleton (D:4)
  6 rats
147 creatures vanquished.

Vanquished Creatures (others)
  4 toadstools (D:1)
4 creatures vanquished.

Grand Total: 151 creatures vanquished

Notes
Turn   | Place    | Note
-------+----------+-------------------------------------------
     0 | D:1      | Martska the Demonspawn Fighter began the quest for the Orb.
     0 | D:1      | Reached XP level 1. HP: 18/18 MP: 1/1
   492 | D:1      | Gained mutation: You have sharp fingernails. [demonic
                  | ancestry]
   492 | D:1      | Reached XP level 2. HP: 22/24 MP: 2/2
  1187 | D:1      | Reached XP level 3. HP: 29/29 MP: 3/3
  1846 | D:2      | Found an ornate altar of the Wu Jian Council.
  1902 | D:2      | Found a shadowy altar of Dithmenos.
  2511 | D:3      | Gained mutation: You are partially covered in slimy green
                  | scales. (AC +2) [demonic ancestry]
  2511 | D:3      | Reached XP level 4. HP: 29/37 MP: 4/4
  2901 | D:3      | Reached skill level 4 in Fighting
  3147 | D:3      | Gained mutation: You are slightly more attuned to the
                  | shadows. [demonic ancestry]
  3147 | D:3      | Reached XP level 5. HP: 41/42 MP: 6/6
  3586 | D:3      | Reached skill level 1 in Spellcasting
  3983 | D:3      | Reached skill level 1 in Evocations
  3983 | D:3      | Reached XP level 6. HP: 49/49 MP: 7/7
  4102 | D:3      | Reached skill level 1 in Stealth
  4694 | D:4      | Found a white marble altar of Elyvilon.
  4708 | D:4      | Found a glowing silver altar of Zin.
  4739 | D:4      | Noticed Robin
  4772 | D:5      | Entered Level 5 of the Dungeon
  4971 | D:4      | Killed Robin
  5171 | D:4      | Gained mutation: You have very sharp fingernails. [demonic
                  | ancestry]
  5171 | D:4      | Reached XP level 7. HP: 52/55 MP: 9/9
  5756 | D:5      | Reached skill level 5 in Fighting
  5879 | D:5      | Found a transporter.
  5885 | D:5      | Found a transporter.
  5933 | D:5      | Gained mutation: You are dopey. (Int -2) [potion of
                  | mutation]
  5933 | D:5      | Gained mutation: Your spells are a little harder to cast,
                  | but a little more powerful. [potion of mutation]
  5933 | D:5      | Gained mutation: You are resistant to hostile enchantments.
                  | (MR+) [potion of mutation]
  5933 | D:5      | Gained mutation: You are resistant to electric shocks.
                  | (rElec) [potion of mutation]
  5933 | D:5      | Slain by an adder

Levels and vault maps discovered:
D:1:      ldierk_walled_garden_2, layout_rooms, serial_co_window_serial,
          co_window_paths_a, co_window_paths_a, co_window_cross_1,
          co_window_of_opportunity_a, co_window_paths_a, co_window_paths_a,
          co_window_unsneaky_path_b, co_window_corner_b, co_window_broadway_a,
          co_window_corner_cb, co_window_of_opportunity_b, co_window_sun,
          glass_columns_c, minivault_11, minmay_tetromino_l4
D:2:      layout_basic, nicolae_overflow_hidden_temple,
          grunt_dithmenos_smoke_and_mirrors
D:3:      minmay_goblin_kobold_castle, layout_loops_cross
D:4:      layout_loops_ring, chequers_temple_overflow_statue_of_worship,
          serial_rivers, chequers_serial_rivers_micro_e,
          chequers_serial_rivers_large_a, chequers_serial_rivers_room_b,
          chequers_serial_rivers_micro_a, uniq_robin
D:5:      gammafunk_wand_slinger, layout_cave_pods, first_ration

Skill      XL: |  1  2  3  4  5  6  7 |
---------------+----------------------+-----
Unarmed Combat | 2 3 4 |  4.0
Armour         | 3 |  3.6
Shields        | 3 |  3.7
Fighting       | 4 5 |  5.1
Spellcasting   | 1 |  1.9
Evocations     | 1 |  1.8
Stealth        | 1 |  1.6

Action                   |  1- 3 |  4- 6 |  7- 9 || total
-------------------------+-------+-------+-------++-------
Melee: Unarmed           |   197 |   374 |    47 ||   618
  Use: Scroll            |       |     5 |       ||     5
       Potion            |       |       |     1 ||     1
  Eat: Ration            |     1 |     3 |       ||     4
       Chunk             |     1 |       |     2 ||     3
Armor: Scale mail        |    77 |   175 |    15 ||   267
Dodge: Dodged            |    48 |   114 |    11 ||   173
Block: Shield            |    77 |   222 |    22 ||   321
